 Dungeon Crawl Stone Soup version 0.23.2-40-g277498a001 (webtiles) character file.

Game seed: 17953045424012829830

58 DildoBatman the Conjurer (level 4, 0/30 HPs)
             Began as a Formicid Wizard on Sept 10, 2019.
             Slain by a leopard gecko (1 damage)
             ... on level 3 of the Dungeon.
             The game lasted 00:04:11 (1836 turns).

DildoBatman the Conjurer (Formicid Wizard)          Turns: 1836, Time: 00:04:11

Health: 0/30       AC:  4    Str: 12    XL:     4   Next: 21%
Magic:  8/8        EV: 12    Int: 18    God:
Gold:   94         SH:  4    Dex:  9    Spells: 2/9 levels left

rFire    . . .     SeeInvis +   n - +0 short sword
rCold    . . .     Gourm    .   (no shield)
rNeg     . . .     Faith    .   a - +0 robe
rPois    .         Spirit   .   (helmet unavailable)
rElec    .         Reflect  +   f - +0 cloak
rCorr    .         Harm     .   (no gloves)
MR       .....                  o - +0 pair of boots
Stlth    ++........             j - +4 amulet of reflection
HPRegen  0.10/turn              (no ring)
MPRegen  0.11/turn              (no ring)

@: no status effects
A: permanent stasis, dig shafts and tunnels, four strong arms, antennae 3
a: Dig, Shaft Self


You were on level 3 of the Dungeon.
You were not hungry.

You visited 1 branch of the dungeon, and saw 3 of its levels.

You collected 94 gold pieces.

Inventory:

Hand Weapons
 i - a +0 dagger
 n - a +0 short sword (weapon)
Missiles
 g - 110 stones (quivered)
 r - 19 arrows
 w - 42 bolts
 y - 5 tomahawks
Armour
 a - a +0 robe (worn)
 f - a +0 cloak (worn)
 o - a +0 pair of boots (worn)
Jewellery
 j - a +4 amulet of reflection (around neck)
Scrolls
 b - a scroll of blinking {unknown}
 c - 9 scrolls of identify {unknown}
 e - a scroll of teleportation {unknown}
 k - 2 scrolls of fear {unknown}
 m - 2 scrolls of remove curse {unknown}
 u - 2 scrolls of enchant weapon {unknown}
 x - a scroll of enchant armour {unknown}
 z - a scroll of fog {unknown}
Potions
 d - a potion of degeneration {unknown}
 h - 2 potions of agility {unknown}
 p - a potion of berserk rage {unknown}
 q - a potion of might {unknown}
 s - a potion of magic {unknown}
 t - 2 potions of flight {unknown}
 A - a potion of brilliance {unknown}
 B - a potion of experience {unknown}
Comestibles
 l - a chunk of flesh
 v - 8 rations


   Skills:
 - Level 1.7 Dodging
 - Level 2.4 Stealth
 - Level 3.2 Spellcasting
 * Level 3.4 Conjurations
   Level 1.0 Summonings
   Level 0.8 Translocations


You had 2 spell levels left.
You knew the following spells:

 Your Spells              Type           Power        Failure   Level  Hunger
a - Conjure Flame         Conj/Fire      #.......     24%         3    ###....
c - Magic Dart            Conj           ###.         4%          1    None
e - Mephitic Cloud        Conj/Pois/Air  #.......     30%         3    ###....

Your spell library contained the following spells:

 Spells                   Type           Power        Failure   Level  Hunger
 Call Imp                 Summ           #.......     16%         2    ##.....
 Slow                     Hex            #.......     24%         2    ##.....
 Blink                    Tloc           Unusable     N/A         2    N/A

Dungeon Overview and Level Annotations

Branches:
Dungeon (3/15)

Altars:

Annotations:
D:2 Jessica
D:3 1 exclusion


Innate Abilities, Weirdness & Mutations

You cannot be hasted, slowed, berserked, paralysed or teleported.
You can dig through walls and to a lower floor.
Your four strong arms can wield two-handed weapons with a shield.
You have a pair of large antennae on your head. (SInv)


Message History

Anything else - Cancel.
You shout for attention!
The leopard gecko bites you. What are your orders? t - Shout!
Orders for allies: a - Attack new target. r - Retreat! s - Stop attacking. g - Guard the area. f - Follow me.
Anything else - Cancel.
You shout for attention!
The leopard gecko bites you. What are your orders? t - Shout!
Orders for allies: a - Attack new target. r - Retreat! s - Stop attacking. g - Guard the area. f - Follow me.
Anything else - Cancel.
You shout for attention!
The leopard gecko bites you.
You die...

# #......##
...###..#...##..
................
...#####.#####. #
#.# #.# #######
##.###.....#
##.#.##.###.#
#.###.....#@#
##.#.##.#.#l.....?.
##.###.#.#..#####.
### #.. ....
###.##..# .. $.#
##..# #..


You could see a leopard gecko.

Vanquished Creatures
  An adder (D:3)
  A dart slug (D:1)
  A ball python (D:2)
  4 giant cockroaches
  5 hobgoblins
  2 quokkas
  9 bats
  2 frilled lizards
  4 goblins
  9 kobolds
  9 rats
47 creatures vanquished.

Notes
Turn   | Place    | Note
-------+----------+-------------------------------------------
     0 | D:1      | DildoBatman the Formicid Wizard began the quest for the
                  | Orb.
     0 | D:1      | Reached XP level 1. HP: 13/13 MP: 4/4
   105 | D:1      | Reached skill level 1 in Conjurations
   303 | D:1      | Reached XP level 2. HP: 19/19 MP: 1/6
   778 | D:1      | Reached XP level 3. HP: 23/24 MP: 7/7
   783 | D:1      | Learned a level 3 spell: Conjure Flame
   787 | D:1      | Learned a level 3 spell: Mephitic Cloud
  1677 | D:3      | Reached XP level 4. HP: 30/30 MP: 5/8
  1722 | D:3      | Noticed Jessica
  1835 | D:3      | HP: 1/30 [leopard gecko (1)]
  1836 | D:3      | Slain by a leopard gecko

Skill      XL: |  1  2  3 |
---------------+----------+-----
Conjurations   | 1 2 3 |  3.4
Dodging        | |  1.7
Stealth        | |  2.4
Spellcasting   | |  3.2
Summonings     | |  1.0
Translocations | |  0.8

Action                   |  1- 3 |  4- 6 || total
-------------------------+-------+-------++-------
Melee: Unarmed           |     2 |       ||     2
       Dagger            |    24 |       ||    24
       Short sword       |     6 |       ||     6
 Cast: Magic Dart        |    84 |     8 ||    92
       Mephitic Cloud    |       |     1 ||     1
 Abil: Dig               |       |     2 ||     2
  Eat: Chunk             |     2 |     1 ||     3
Armor: Robe              |    15 |     3 ||    18
Dodge: Dodged            |    35 |    17 ||    52
Block: Other             |     1 |     8 ||     9
